 Dungeon Crawl Stone Soup version 0.18-a0-9-gd4dcb6f (webtiles) character file.

43 Ordine the Twirler (level 3, 0/30 HPs)
             Began as a Minotaur Gladiator on Nov 1, 2015.
             Slain by a gnoll
             ... wielding a +0 halberd
              (11 damage)
             ... on level 2 of the Dungeon.
             The game lasted 00:02:38 (1432 turns).

Ordine the Twirler (Minotaur Gladiator)             Turns: 1432, Time: 00:02:38

Health: 0/30       AC:  8    Str: 19    XL:     3   Next: 37%
Magic:  2/2        EV:  3    Int:  5    God:
Gold:   77         SH:  0    Dex: 11    Spells: 0 memorised, 2 levels left

rFire  . . .     SeeInvis .     a - +0 quarterstaff
rCold  . . .     Clarity  .     p - +0 chain mail
rNeg   . . .     SustAt   .     (shield currently unavailable)
rPois  .         Gourm    .     c - +0 hat
rElec  .         Spirit   .     (no cloak)
rCorr  .         Warding  .     (no gloves)
rMut   .         Stasis   .     (no boots)
MR     .....                    (no amulet)
Stlth  ..........               (no ring)
                                (no ring)

@: not resistant to hostile enchantments, extremely unstealthy
A: retaliatory headbutt, horns 2
a: no special abilities


You were on level 2 of the Dungeon.
You were hungry.

You visited 1 branch of the dungeon, and saw 2 of its levels.

You collected 77 gold pieces.

Inventory:

Hand Weapons
 a - a +0 quarterstaff (weapon)
Missiles
 d - 3 throwing nets (quivered)
Armour
 c - a +0 hat (worn)
 p - a +0 chain mail (worn)
Jewellery
 o - a +6 ring of evasion {unknown}
Scrolls
 b - a scroll of immolation {unknown}
 h - a scroll of random uselessness {unknown}
 j - a scroll of remove curse {unknown}
 l - a scroll of magic mapping {unknown}
Potions
 g - a potion of curing
 k - a potion of lignification {unknown}
 m - a potion of brilliance {unknown}
 n - a potion of agility {unknown}
Comestibles
 e - 2 bread rations
 f - a meat ration
 i - a beef jerky
 q - a chunk of flesh


   Skills:
 - Level 2.4 Fighting
 + Level 5.4 Staves
 - Level 2.0 Throwing
 - Level 3.2 Dodging


You had 2 spell levels left.
You didn't know any spells.

Dungeon Overview and Level Annotations

Branches:
Dungeon (2/15)

Altars:
Elyvilon
Fedhas
Gozag
Nemelex Xobeh
Qazlal
Trog


Innate Abilities, Weirdness & Mutations

You reflexively headbutt those who attack you in melee.
You have a pair of horns on your head.


Message History

You headbutt the gnoll, but do no damage.
The gnoll is lightly wounded.
The gnoll barely misses you. x2
A gnoll comes into view. It is wielding a halberd.
You barely miss the gnoll.
The gnoll is lightly wounded.
The gnoll shouts!
The gnoll closely misses you. The gnoll hits you with a flail.
* * * LOW HITPOINT WARNING * * *
You are too injured to fight recklessly!
Drink which item? (? for menu, Esc to quit)
It was a potion of curing.
You feel better. The gnoll barely misses you.
Drink which item? (? for menu, Esc to quit)
Okay, then.
You see here a shield.
The gnoll closely misses you.
There is a stone staircase leading up here.
The gnoll hits you with a flail.
The gnoll hits you from afar with a halberd!
You die...

.#..# #.#................#####.#
.#..###.# ####.#..######.# #.#
.#....#.#.#.##..#.######.# #.#
.#....#.#..............#.# #.#
.#....#.#######....###.#.# #.#
.#.............#g#.## #.#####.#
.##.#...######.#g...## #.......#
....###.##......g....#.#########
######..##.###.#@....... ...#
#..##.<##.#...#..## ...#
#...#..##.#......# ...#
#.###.....####...# ...#
#.#....#### .>.# ...#
#.#<......# ####
...###.#######.# ...#...# #.#
...#.#########.#


You could see 3 gnolls.

Vanquished Creatures
  An adder (D:2)
  2 bats
  2 giant cockroaches
  4 goblins (D:1)
  5 hobgoblins (D:1)
  8 jackals
  A quokka (D:2)
  A giant gecko (D:2)
  A giant newt (D:1)
  A kobold (D:1)
  5 rats
31 creatures vanquished.

Notes
Turn   | Place    | Note
--------------------------------------------------------------
     0 | D:1      | Ordine the Minotaur Gladiator began the quest for the Orb.
     0 | D:1      | Reached XP level 1. HP: 18/18 MP: 0/0
    92 | D:1      | Reached skill level 4 in Staves
   289 | D:1      | Reached XP level 2. HP: 15/25 MP: 1/1
   593 | D:1      | You fall through a shaft!
   646 | D:2      | Reached skill level 5 in Staves
   646 | D:2      | Reached XP level 3. HP: 30/30 MP: 2/2
   792 | D:2      | Found a white marble altar of Elyvilon.
   792 | D:2      | Found an opulent altar of Gozag.
   792 | D:2      | Found a sparkling altar of Nemelex Xobeh.
   792 | D:2      | Found a stormy altar of Qazlal.
   799 | D:2      | Found a blossoming altar of Fedhas.
   799 | D:2      | Found a bloodstained altar of Trog.
  1432 | D:2      | Slain by a gnoll

Vault maps used:
D:1:      sevenhm_arrival_forest_fort_large_1, hangedman_decor_push,
          st_stairs_10
D:2:      minmay_overflow_temple_hex, corexii_hall_statues_i,
          corexii_leaking_fountain

Action                   || total
-------------------------++-------
Melee: Quarterstaff      ||    63
  Use: Potion            ||     1
  Eat: Chunk             ||     1
